 Seeded DCSS version 0.29-a0-25-g7f48f510a0 (webtiles) character file.

Game seed: 10000000000011 (custom seed)

689 knot the Chopper (level 7, 0/78 HPs)
             Began as a Demonspawn Berserker on Jan 31, 2022.
             Was a Believer of Trog.
             Slain by a spriggan (8 damage)
             ... on level 5 of the Dungeon.
             The game lasted 00:04:01 (4808 turns).

knot the Chopper (Demonspawn Berserker)             Turns: 4808, Time: 00:04:01

Health: 0/78       AC:  2    Str: 17    XL:     7   Next: 36%
Magic:  0/7        EV: 12    Int: 10    God:    Trog [**....]
Gold:   162        SH:  5    Dex: 13    Spells: 6/6 levels left

rFire   . . .      SeeInvis .   q - +0 war axe
rCold   . . .      Faith    .   (no shield)
rNeg    . . .      Spirit   +   b - +0 animal skin
rPois   .          Reflect  +   (no helmet)
rElec   .          Harm     .   (no cloak)
rCorr   .          Rampage  .   (no gloves)
Will    ++...                   (no boots)
Stlth   ..........              d - amulet of reflection
HPRegen 1.23/turn               (no ring)
MPRegen 0.20/turn               (no ring)

@: berserking (expiring), strong-willed (expiring), regenerating (expiring),
very quick
A: magic shield, magic regeneration, demonic touch 2
a: Renounce Religion, Berserk, Trog's Hand


You were on level 5 of the Dungeon.
You worshipped Trog.
Trog was pleased with you.
You visited 2 branches of the dungeon, and saw 6 of its levels.

You collected 162 gold pieces.

Inventory:

Hand Weapons
 q - a +0 war axe (weapon)
Missiles
 f - 105 stones (quivered)
 k - 2 poisoned darts
 p - 4 boomerangs
Armour
 b - a +0 animal skin (worn)
Jewellery
 d - an amulet of reflection (around neck)
Wands
 a - a wand of flame (26)
 o - a wand of polymorph (2)
 r - a wand of charming (3)
Scrolls
 c - a scroll of amnesia {unknown}
 h - 2 scrolls of identify {unknown}
 m - 2 scrolls of blinking {unknown}
 n - a scroll of fog {unknown}
Potions
 e - a potion of curing {unknown}
 g - a potion of lignification {unknown}
 i - a potion of might {unknown}


   Skills:
 - Level 3.0 Fighting
 + Level 7.9 Axes
 - Level 1.7 Armour
 - Level 1.7 Dodging


You had 6 spell levels left.
You didn't know any spells.
Your spell library contained the following spells:

 Spells                   Type           Power      Damage    Failure   Level
 Corpse Rot               Necr/Air       0%         N/A       50%         2
 Ensorcelled Hibernation  Hex/Ice        0%         N/A       50%         2
 Passwall                 Tmut/Erth      0%         N/A       50%         2
 Poisonous Vapours        Pois/Air       0%         N/A       50%         2
 Swiftness                Air            0%         N/A       75%         3


Dungeon Overview and Level Annotations

Branches:
Dungeon (5/15)             Temple (1/1) D:4

Altars:
Qazlal

Shops:
D:3 [


Innate Abilities, Weirdness & Mutations

When hurt, damage is shared between your health and your magic reserves.
You regenerate magic rapidly.
Your touch may inflict irresistible damage on your foes.


Message History

A spriggan appears out of thin air!
Reactivating autopickup.
A red film seems to cover your vision as you go berserk!
You feel yourself moving faster!
You feel mighty!
You miss the spriggan. Your touch misses the spriggan.
The spriggan barely misses you.
You miss the spriggan. The spriggan hits you!
You miss the spriggan. The spriggan misses you.
You miss the spriggan. You barely miss the spriggan.
You touch the spriggan.
The spriggan is moderately wounded.
The spriggan hits you!
* * * LOW HITPOINT WARNING * * *
You miss the spriggan. Your touch misses the spriggan.
The spriggan is moderately wounded.
The spriggan hits you!
* * * LOW HITPOINT WARNING * * *
You barely miss the spriggan.
The spriggan is moderately wounded.
You feel the effects of Trog's Hand fading.
The spriggan hits you!
* * * LOW HITPOINT WARNING * * *
You closely miss the spriggan.
The spriggan is moderately wounded.
You miss the spriggan.
The spriggan is moderately wounded.
The spriggan hits you but does no damage.
You miss the spriggan. Your touch misses the spriggan.
The spriggan is moderately wounded.
You block the spriggan's attack.
You miss the spriggan. Your touch misses the spriggan.
The spriggan is moderately wounded.
You hit the spriggan. Your touch misses the spriggan.
The spriggan is moderately wounded.
The spriggan hits you.
* * * LOW HITPOINT WARNING * * *
You miss the spriggan.
The spriggan is moderately wounded.
The spriggan hits you!
You die...

.####...## ..........
....... # ...... .#
#...# ##. #...# ..
#.#.# .# #..
#...###.#.....
###########....i@....#
...........######.##.#
.###..####..........
##.####.#.#.#.###.#
#........# #
##.####.###
.###.........#
....)..###... . ..
######.# ###...##.###


You could see a spriggan.

Vanquished Creatures
  A kobold demonologist (D:5)
  An ogre (D:3)
  2 scorpions
  Dowan (D:4)
  An orc priest (D:4)
  A centaur skeleton (D:4)
  Ijyb (D:4)
  5 adders
  2 orcs (D:4)
  6 endoplasms
  2 giant cockroaches
  5 goblins
  5 hobgoblins
  14 jackals
  A quokka (D:4)
  4 ball pythons
  7 bats
  5 frilled lizards
  3 kobolds
  4 rats (D:1)
71 creatures vanquished.

Notes
Turn   | Place    | Note
-------+----------+-------------------------------------------
     0 | D:1      | knot the Demonspawn Berserker began the quest for the Orb.
     0 | D:1      | Reached XP level 1. HP: 18/18 MP: 1/1
    50 | D:1      | Reached skill level 3 in Axes
   140 | D:1      | Gained mutation: You regenerate magic rapidly. [demonic
                  | ancestry]
   140 | D:1      | Reached XP level 2. HP: 19/24 MP: 2/2
   560 | D:1      | Reached ** piety under Trog
  1151 | D:2      | Reached skill level 4 in Axes
  1151 | D:2      | Gained mutation: Your touch may inflict minor irresistible
                  | damage on your foes. [demonic ancestry]
  1151 | D:2      | Reached XP level 3. HP: 29/29 MP: 3/3
  1579 | D:2      | Reached XP level 4. HP: 35/35 MP: 4/4
  1985 | D:3      | Noticed an ogre
  1994 | D:3      | Killed an ogre
  1995 | D:3      | Reached skill level 5 in Axes
  1995 | D:3      | Reached XP level 5. HP: 41/41 MP: 5/5
  2248 | D:3      | Found Daocsar's Antique Armour Emporium.
  2832 | D:4      | Found a staircase to the Ecumenical Temple.
  2852 | D:4      | Noticed Dowan
  2868 | Temple   | Entered the Ecumenical Temple
  3409 | D:3      | Reached skill level 6 in Axes
  3409 | D:3      | Gained mutation: Your touch may inflict irresistible damage
                  | on your foes. [demonic ancestry]
  3409 | D:3      | Reached XP level 6. HP: 22/47 MP: 6/6
  3864 | D:4      | Noticed Duvessa
  3868 | D:4      | Noticed Duvessa
  3868 | D:4      | Duvessa changed into Duvessa the scorpion
  3877 | D:4      | Killed Duvessa the scorpion
  3885 | D:4      | Killed Dowan
  4265 | D:4      | Noticed Ijyb
  4282 | D:4      | Killed Ijyb
  4283 | D:4      | Reached skill level 7 in Axes
  4550 | D:5      | Entered Level 5 of the Dungeon
  4599 | D:5      | Noticed a kobold demonologist
  4607 | D:5      | Killed a kobold demonologist
  4608 | D:5      | Gained mutation: When hurt, damage is shared between your
                  | health and your magic reserves. [demonic ancestry]
  4608 | D:5      | Reached XP level 7. HP: 52/52 MP: 7/7
  4794 | D:5      | Noticed a spriggan
  4808 | D:5      | Slain by a spriggan

Illustrated notes

Levels and vault maps discovered:
D:1:      lordsloth_arrival_two_stooges, layout_basic, grunt_decor_fettered,
          minmay_misc_feat_diagonals, nicolae_concentric_dashed_squares_wild
D:2:      layout_rooms, hangedman_decor_clover_reticule
D:3:      layout_basic, serial_shops, shop, kennysheep_path_1
D:4:      layout_rooms, temple_doors_e, uniq_duvessa, uniq_ijyb
D:5:      layout_loops_cross, nicolae_uskayaw_suspiria, item_on_display_a
Temple:   dshaligram_water_room_temple

Skill      XL: |  1  2  3  4  5  6 |
---------------+-------------------+-----
Axes           | 3 4 5 6 7 |  7.9
Fighting       | |  3.0
Armour         | |  1.7
Dodging        | |  1.7

Action                   |  1- 3 |  4- 6 |  7- 9 || total
-------------------------+-------+-------+-------++-------
Melee: Hand axe          |   103 |    61 |       ||   164
       Touch             |     7 |    16 |     1 ||    24
       War axe           |       |    23 |    15 ||    38
Throw: Stone             |       |     5 |       ||     5
       Dart              |       |     2 |       ||     2
Invok: Berserk           |     2 |     5 |     1 ||     8
       Trog's Hand       |       |       |     1 ||     1
Evoke: Wand              |       |     4 |     2 ||     6
  Use: Potion            |       |       |     2 ||     2
Armor: Animal skin       |    20 |    10 |     1 ||    31
Dodge: Dodged            |    65 |    56 |     7 ||   128
Block: Other             |    16 |    17 |     3 ||    36
       Reflection        |       |     1 |       ||     1

Table legend: (Time is in decaauts)
 A = Elapsed time spent in this place.
 B = Non-inter-level travel time spent in this place.
 C = Inter-level travel time spent in this place.
 D = Time resting spent in this place.
 E = Time spent auto-exploring this place.
 F = Levels seen in this place.
 G = Mean time per level.
                   A        B        C        D        E       F      G
               +--------+--------+--------+--------+--------+-----+--------+
         Total |   4887 |   4788 |     99 |   1949 |   2276 |   6 |  814.5 |
       Dungeon |   4579 |   4480 |     99 |   1649 |   2276 |   5 |  915.8 |
        Temple |    308 |    308 |      0 |    300 |      0 |   1 |  308.0 |
               +--------+--------+--------+--------+--------+-----+--------+

Top non-repeatable levels by time:
     D:3: 1408 daAuts
     D:1: 1153 daAuts
     D:4: 1056 daAuts
     D:2: 697 daAuts
  Temple: 308 daAuts
     D:5: 263 daAuts
